 Dungeon Crawl Stone Soup version 0.30-a0-377-g5cb311bc9f (webtiles) character file.

Game seed: 4731888041324258224

65 ragingrage the Chopper (level 4, 0/37 HPs)
             Began as a Hill Orc Gladiator on Nov 30, 2022.
             Slain by an orc wizard
             ... wielding a +0 dagger
              (1 damage)
             ... on level 3 of the Dungeon.
             The game lasted 00:01:41 (1375 turns).

ragingrage the Chopper (Hill Orc Gladiator)         Turns: 1375, Time: 00:01:41

Health: 0/37       AC:  4    Str: 18    XL:     4   Next: 13%
Magic:  4/4        EV: 12    Int:  8    God:
Gold:   72         SH:  0    Dex: 12    Spells: 3/3 levels left

rFire   . . .      SeeInvis .    o - +2 hand axe (vorpal)
rCold   . . .      Faith    .    (no shield)
rNeg    . . .      Spirit   .    b - +0 leather armour
rPois   +          Reflect  .    c - +0 helmet
rElec   .          Harm     .    (no cloak)
rCorr   .          Rampage  .    (no gloves)
Will    .....                    (no boots)
Stlth   +.........               (no amulet)
HPRegen 0.26/turn                m - ring of poison resistance
MPRegen 0.09/turn                (no ring)

@: invisible
A: no striking features
a: no special abilities


You were on level 3 of the Dungeon.
You visited 1 branch of the dungeon, and saw 3 of its levels.

You collected 72 gold pieces.

Inventory:

Hand Weapons
 a - a +0 war axe
 o - a +2 vorpal hand axe (weapon)
Missiles
 d - 3 throwing nets (quivered)
 e - a javelin
Armour
 b - a +0 leather armour (worn)
 c - a +0 helmet (worn)
Jewellery
 m - a ring of poison resistance (left hand)
Scrolls
 f - a scroll of noise {unknown}
 g - a scroll of teleportation {unknown}
 i - 5 scrolls of identify {unknown}
 l - a scroll of fear {unknown}
Potions
 h - a potion of cancellation
 k - a potion of curing


   Skills:
 - Level 2.4 Fighting
 + Level 6.5 Axes
 - Level 1.7 Throwing
 - Level 2.4 Dodging


You had 3 spell levels left.
You didn't know any spells.
Your spell library was empty.

Dungeon Overview and Level Annotations

Branches:
Dungeon (3/15)

Altars:

Annotations:
D:2 Terence


Message History

The orc wizard gestures at you while chanting.
The magic dart hits you!
You barely miss the orc wizard.
The orc wizard is severely wounded.
You hit something.
The orc wizard hits you but does no damage.
Something hits you.
You hit the orc wizard.
The orc wizard is almost dead.
You closely miss something.
The orc wizard hits you with a +0 dagger.
* * * LOW HITPOINT WARNING * * *
Something hits you but does no damage.
You closely miss the orc wizard.
The orc wizard is almost dead.
You barely miss something. Something hits you but does no damage.
The orc wizard closely misses you.
It was a potion of cancellation.
You feel magically purged. The orc wizard casts a spell at you.
The magic dart hits you.
* * * LOW HITPOINT WARNING * * *
Something hits you.
* * * LOW HITPOINT WARNING * * *
It was a potion of curing.
You feel better. Something hits you but does no damage.
The orc wizard gestures at you while chanting.
The puff of flame hits you!
* * * LOW HITPOINT WARNING * * *
It was a potion of invisibility.
You fade into invisibility!
The orc wizard hits you with a +0 dagger.
* * * LOW HITPOINT WARNING * * *
Something hits you but does no damage.
It was a potion of magic.
Magic courses through your body. The orc wizard barely misses you.
Something hits you.
* * * LOW HITPOINT WARNING * * *
You hit the orc wizard.
You kill the orc wizard!
You miss something. Something hits you.
You die...

...# ###############
...# >.............#
...# #.###########.#
...# #...#########.#
...#
###.))#.......###...#
# ###...........#...#
# #..........)@{..+ #
#........###....# #
..........# #..### #
...........# ##...
##...........# #...
##...........# ....!
##...........# .....
.....


There were no monsters in sight!

Vanquished Creatures
  An orc wizard (D:3)
  A gnoll (D:1)
  A dart slug (D:1)
  2 orcs (D:3)
  5 ball pythons (D:1)
  4 endoplasms (D:1)
  A giant cockroach (D:1)
  2 hobgoblins
  6 jackals (D:1)
  2 quokkas
  6 bats
  A frilled lizard (D:1)
  7 goblins
  4 kobolds
  3 rats (D:1)
46 creatures vanquished.

Notes
Turn   | Place    | Note
-------+----------+-------------------------------------------
     0 | D:1      | ragingrage the Hill Orc Gladiator began the quest for the
                  | Orb.
     0 | D:1      | Reached XP level 1. HP: 18/18 MP: 1/1
    98 | D:1      | Reached skill level 5 in Axes
    98 | D:1      | Reached XP level 2. HP: 5/25 MP: 2/2
   358 | D:1      | Reached XP level 3. HP: 29/30 MP: 3/3
   578 | D:1      | Reached skill level 6 in Axes
  1184 | D:2      | Noticed Terence
  1276 | D:2      | Reached XP level 4. HP: 37/37 MP: 4/4
  1373 | D:3      | HP: 1/37 [orc wizard/+0 dagger (2)]
  1375 | D:3      | Slain by an orc wizard

Illustrated notes

Levels and vault maps discovered:
D:1:      dpeg_arrival_subterranean_lakeside_camping, layout_basic,
          minmay_misc_feat_four_crosses, grunt_decor_resistance,
          minmay_hedge_maze
D:2:      layout_loops_cross, basic_altar, amcnicky_mini_pool_small,
          supply_closet_lemuel, uniq_terence
D:3:      layout_basic, serial_shops, nicolae_diamond_shop,
          uniq_crazy_yiuf_cottage, uniq_robin

Skill      XL: |  1  2  3 |
---------------+----------+-----
Axes           | 5 6 |  6.5
Fighting       | |  2.4
Throwing       | |  1.7
Dodging        | |  2.4

Action                   |  1- 3 |  4- 6 || total
-------------------------+-------+-------++-------
Melee: War axe           |    99 |    16 ||   115
       Punch             |     2 |     1 ||     3
       Hand axe          |       |     5 ||     5
  Use: Potion            |       |     4 ||     4
Armor: Leather armour    |    38 |    14 ||    52
Dodge: Dodged            |    97 |    11 ||   108

Table legend: (Time is in decaauts)
 A = Elapsed time spent in this place.
 B = Non-inter-level travel time spent in this place.
 C = Inter-level travel time spent in this place.
 D = Time resting spent in this place.
 E = Time spent auto-exploring this place.
 F = Levels seen in this place.
 G = Mean time per level.
                   A        B        C        D        E       F      G
               +--------+--------+--------+--------+--------+-----+--------+
         Total |   1401 |   1343 |     58 |    108 |    883 |   3 |  467.0 |
       Dungeon |   1401 |   1343 |     58 |    108 |    883 |   3 |  467.0 |
               +--------+--------+--------+--------+--------+-----+--------+

Top non-repeatable levels by time:
     D:1: 1067 daAuts
     D:2: 246 daAuts
     D:3: 87 daAuts
